Map: Hard Lead LE

Players

SubN

  • Race: Zerg Zerg
  • League: Diamond
  • Spawn Location: 5:00

GWB - Winner!

  • Race: Zerg Zerg
  • League: Diamond
  • Spawn Location: 11:00

VOD

Have the link to the VOD?

Description

Time

  • Played on: Jan. 4, 2024, 6:20 p.m.
  • Length: 4:22
Show
View Real Time Build Order
Export as new Build Order

SubN Zerg 

Build Orders: Pool First 

Get SALT Encoding   

  12  0:00  Drone  
  13  0:12  Overlord  
  13  0:17  Drone  
  14  0:30  Drone x2  
  16  0:36  Drone  
  17  0:44  Extractor  
  17  0:47  Spawning Pool  
  17  0:48  Drone  
  16  0:55  Drone  
  17  1:06  Drone  
  18  1:17  Hatchery  
  17  1:21  Drone  
  18  1:27  Drone  
  19  1:35  Queen  
  19  1:39  Zergling x2  
  22  1:50  Overlord  
  22  2:00  Overlord  
  22  2:06  Metabolic Boost  
  22  2:11  Queen  
  24  2:16  Drone  
  25  2:24  Drone  
  25  2:28  Queen  
  28  2:36  Drone x2  
  30  2:52  Zergling x4  
  30  2:53  Hatchery  
  30  2:57  Drone x2  
  33  3:00  Drone  
  34  3:06  Drone x2  
  34  3:11  Drone  
  37  3:14  Drone  
  38  3:22  Drone  
  40  3:27  Drone  
  40  3:31  Queen  
  40  3:33  Overlord  
  42  3:36  Overlord  
  42  3:42  Zergling x4  
  41  3:58  Evolution Chamber  
  41  3:59  Roach Warren  
  39  4:05  Zergling x4  
Show
View Real Time Build Order
Export as new Build Order

GWB Zerg - Winner!

Build Orders: Pool First 

Get SALT Encoding   

  12  0:00  Drone  
  13  0:12  Overlord  
  13  0:17  Drone  
  14  0:31  Drone x2  
  16  0:40  Extractor  
  15  0:43  Spawning Pool  
  15  0:46  Drone  
  15  0:57  Drone x2  
  17  1:16  Drone  
  18  1:25  Hatchery  
  18  1:28  Drone  
  18  1:40  Queen  
  20  1:53  Drone, Metabolic Boost  
  21  1:56  Drone  
  21  2:00  Overlord  
  22  2:07  Zergling x2  
  22  2:20  Zergling x2  
  23  2:30  Drone  
  24  2:37  Baneling Nest  
  24  2:40  Queen  
  24  2:41  Drone  
  24  2:42  Drone  
  27  2:51  Overlord  
  27  2:56  Zergling x6  
  30  3:07  Zergling x6  
  33  3:15  Zergling x2  
  34  3:21  Overlord  
  34  3:31  Zergling x8  
  38  3:34  Baneling x2  
  38  3:41  Zergling x4  
  38  3:44  Baneling  
  38  3:45  Baneling  
  40  3:55  Baneling  
  39  3:57  Zergling x4  
  39  3:58  Zergling x10  
Tags
 
Add a new tag
Caveats
  • Supply blocks, unpowered buildings, or Contaminate may cause inaccurate times.
  • Supply counts are checked every 10 seconds.